 Dungeon Crawl Stone Soup version 0.29-a0-275-g389c0b56f3 (webtiles) character file.

Game seed: 10166939157112203871

21 mopl the Twirler (level 2, -6/23 HPs)
             Began as a Palentonga Gladiator on Mar 10, 2022.
             Mangled by a +4 glaive of freezing (11 damage)
             ... created by the rancor of the Wu Jian Council
             ... on level 1 of the Dungeon.
             The game lasted 00:01:02 (544 turns).

mopl the Twirler (Palentonga Gladiator)              Turns: 544, Time: 00:01:03

Health: -6/23      AC:  6    Str: 17    XL:     2   Next: 62%
Magic:  2/2        EV:  9    Int:  8    God:
Gold:   41         SH:  0    Dex: 11    Spells: 1/1 levels left

rFire   . . .      SeeInvis +   a - +0 quarterstaff
rCold   . . .      Faith    .   (shield currently unavailable)
rNeg    . . .      Spirit   .   i - +0 ring mail
rPois   .          Reflect  .   c - +0 helmet
rElec   .          Harm     .   (no cloak)
rCorr   .          Rampage  .   (no gloves)
Will    .....                   (no barding)
Stlth   ..........              (no amulet)
HPRegen 0.07/turn               (no ring)
MPRegen 0.08/turn               (no ring)

@: confused, ambrosia-drunk, spiked
A: large, rugged brown scales 3, see invisible, deformed body, roll 1, armoured
tail
a: Rolling Charge


You were on level 1 of the Dungeon.
You visited 1 branch of the dungeon, and saw 1 of its levels.

You collected 41 gold pieces.

Inventory:

Hand Weapons
 a - a +0 quarterstaff (weapon)
Missiles
 d - 3 throwing nets (quivered)
 e - a javelin
Armour
 c - a +0 helmet (worn)
 i - a +0 ring mail (worn)
Scrolls
 g - a scroll of summoning {unknown}
Potions
 b - a potion of flight {unknown}
 f - a potion of ambrosia
 h - 2 potions of curing {unknown}


   Skills:
 + Level 2.2 Fighting
 * Level 3.3 Staves
 + Level 1.6 Throwing
 + Level 0.3 Armour
 + Level 2.6 Dodging


You had one spell level left.
You didn't know any spells.
Your spell library contained the following spells:

 Spells                   Type           Power      Damage    Failure   Level
 Freeze                   Ice            0%         1d3       63%         1
 Frozen Ramparts          Ice            0%         1d2       94%         3
 Hailstorm                Conj/Ice       0%         3d3       100%        4


Dungeon Overview and Level Annotations

Branches:
Dungeon (1/15)

Altars:
Wu Jian


Innate Abilities, Weirdness & Mutations

You are completely covered in rugged brown scales. (AC +3, +7% HP)
You have supernaturally acute eyesight. (SInv)
Armour fits poorly on your strangely shaped body.
You can roll at nearby foes to attack.
You have a long armoured tail.


Message History

No target in view!
No target in view!
Sifu Hu Sanniang says: Die by a thousand cuts!
The divine experience confuses you!
You are confused. 5 dancing weapons come into view.
There is a +0 glaive of speed.
There is a +4 great sword of freezing.
There is a +0 glaive of freezing.
There is a +1 rapier of speed.
There is a +4 glaive of freezing.
There are monsters nearby!
Unknown command.
The barbs in your skin will harm you if you move.
Continue? [Y]es or [N]o only, please.
The barbs in your skin will harm you if you move.
Continue?
Okay, then.
The barbs in your skin will harm you if you move.
Continue? [Y]es or [N]o only, please.
The barbs in your skin will harm you if you move.
Continue?
Okay, then.
It was a potion of ambrosia.
You are more confused.
You feel invigorated.
The barbs in your skin will harm you if you move.
Continue?
The barbed spikes dig painfully into your body as you move.
You're too confused to move!
The +4 glaive of freezing hits you from afar.
The +4 glaive of freezing freezes you.
You bump into the rock wall.
The +1 rapier of speed hits you but does no damage.
The +1 rapier of speed completely misses you.
You thump the +1 rapier of speed!
You destroy the +1 rapier of speed!
That felt strangely unrewarding.
The +0 glaive of speed hits you but does no damage.
The +4 glaive of freezing hits you from afar!
The +4 glaive of freezing freezes you.
You bump into the rock wall.
The +0 glaive of speed misses you.
The +0 glaive of freezing hits you from afar!
* * * LOW HITPOINT WARNING * * *
The +0 glaive of freezing freezes you.
* * * LOW HITPOINT WARNING * * *
The +4 glaive of freezing hits you from afar!
You die...

######...####
##..## #.†.##
#>...# #....# #+#
####.# #.# #.#
####.# #.#
##.##.## #.#
##.#.@..######
#.###.###..(......
#....## ##((.#.###
#####.# ........
#.#.#.#.#.#..
#.##.#.# #
####.#.# ######.#
# #.. ...#


You could see 3 dancing weapons.

Vanquished Creatures
  A dancing weapon (D:1)
  3 ball pythons (D:1)
  A bat (D:1)
  A giant cockroach (D:1)
  2 goblins (D:1)
  2 hobgoblins (D:1)
  4 kobolds (D:1)
  2 quokkas (D:1)
  3 frilled lizards (D:1)
19 creatures vanquished.

Notes
Turn   | Place    | Note
-------+----------+-------------------------------------------
     0 | D:1      | mopl the Palentonga Gladiator began the quest for the Orb.
     0 | D:1      | Reached XP level 1. HP: 17/17 MP: 1/1
   309 | D:1      | Reached XP level 2. HP: 23/23 MP: 2/2
   427 | D:1      | Found a faded altar of an unknown god.
   434 | D:1      | Prayed at the altar of an unknown god.
   434 | D:1      | Became a worshipper of the Wu Jian Council
   434 | D:1      | Reached * piety under Wu Jian
   435 | D:1      | Fell from the grace of Wu Jian
   539 | D:1      | Noticed a +0 glaive of speed
   539 | D:1      | Noticed a +4 great sword of freezing
   539 | D:1      | Noticed a +0 glaive of freezing
   539 | D:1      | Noticed a +1 rapier of speed
   539 | D:1      | Noticed a +4 glaive of freezing
   543 | D:1      | Killed a +1 rapier of speed
   544 | D:1      | Mangled by a +4 glaive of freezing

Illustrated notes

Levels and vault maps discovered:
D:1:      ncdulo_watergridlock, layout_loops_corners,
          nicolae_ecumenical_snake_handling, serial_park_tiny_pond

Action                   || total
-------------------------++-------
Melee: Quarterstaff      ||    30
       Tailslap          ||     3
Invok: Renounce Religion ||     1
  Use: Potion            ||     1
Armor: Leather armour    ||     1
       Ring mail         ||     9
Dodge: Dodged            ||    16

Table legend: (Time is in decaauts)
 A = Elapsed time spent in this place.
 B = Non-inter-level travel time spent in this place.
 C = Inter-level travel time spent in this place.
 D = Time resting spent in this place.
 E = Time spent auto-exploring this place.
 F = Levels seen in this place.
 G = Mean time per level.
                   A        B        C        D        E       F      G
               +--------+--------+--------+--------+--------+-----+--------+
         Total |    549 |    549 |      0 |      0 |    434 |   1 |  549.0 |
       Dungeon |    549 |    549 |      0 |      0 |    434 |   1 |  549.0 |
               +--------+--------+--------+--------+--------+-----+--------+

Top non-repeatable levels by time:
     D:1: 549 daAuts
